Map: Lerilak Crest

Players

Sankaku - Winner!

  • Race: Zerg Zerg
  • League: Diamond

LilDicky

  • Race: Terran Terran
  • League: Diamond

VOD

http://www.twitch.tv/tumescentpie

Description

Time

  • Played on: Dec. 7, 2015, 2:41 p.m.
  • Length: 14:29
Show
View Real Time Build Order
Export as new Build Order

Sankaku Zerg - Winner!

Build Orders: Hatch First 

Get SALT Encoding   

  12  0:02  Drone  
  13  0:12  Overlord  
  13  0:21  Drone  
  14  0:31  Drone x2  
  16  0:37  Drone  
  17  0:46  Drone  
  18  0:59  Hatchery  
  18  1:02  Drone  
  18  1:06  Extractor  
  18  1:07  Drone  
  18  1:23  Spawning Pool  
  17  1:34  Drone x2  
  17  1:39  Drone  
  20  1:51  Drone  
  21  2:03  Drone  
  22  2:10  Metabolic Boost  
  22  2:11  Queen x2  
  26  2:24  Spine Crawler  
  26  2:25  Drone x2  
  26  2:27  Drone  
  28  2:33  Overlord  
  28  2:43  Overlord  
  27  3:05  Drone x5  
  31  3:06  Drone  
  31  3:09  Extractor  
  33  3:20  Drone x3  
  33  3:24  Drone x2  
  37  3:32  Zergling x4  
  37  3:33  Roach Warren  
  38  3:39  Overlord x2  
  38  3:41  Lair  
  38  3:52  Zergling x4  
  40  3:56  Zergling x2  
  40  3:57  Zergling x10  
  46  4:10  Overlord x2  
  46  4:11  Baneling Nest  
  46  4:16  Drone x2  
  47  4:29  Drone x3  
  47  4:30  Drone, Zergling x2  
  47  4:31  Zergling x6  
  55  4:37  Extractor  
  48  4:53  Zergling x8  
  50  5:02  Roach x6  
  50  5:30  Ravager x4  
  50  5:31  Ravager x2  
  50  5:35  Queen  
  55  5:42  Zergling x14  
  60  5:43  Roach x2  
  60  5:49  Hatchery  
  58  6:07  Drone x6  
  58  6:08  Drone x3  
  66  6:15  Spire  
  63  6:25  Spore Crawler  
  59  6:32  Ravager  
  60  6:36  Drone x4  
  64  6:41  Extractor  
  63  6:51  Drone  
  63  6:52  Drone x3  
  67  6:55  Overlord x2  
  67  6:57  Overlord  
  67  6:58  Overlord  
  66  7:07  Evolution Chamber  
  59  7:10  Evolution Chamber  
  48  7:28  Roach  
  48  7:29  Roach x2, Zergling x8  
  51  7:33  Mutalisk x2  
  51  7:34  Mutalisk x2  
  59  7:46  Drone x5  
  59  7:47  Drone  
  65  7:53  Queen  
  65  7:55  Mutalisk  
  66  8:07  Mutalisk x3  
  72  8:19  Zergling x2  
  69  8:20  Zergling x8  
  69  8:23  Mutalisk  
  61  8:36  Zergling x2  
  61  8:37  Zergling x2  
  58  8:48  Zergling x2, Zerg Ground Armor Level 1, Zerg Melee Weapons Level 1  
  56  8:49  Zergling x2  
  56  8:52  Mutalisk  
  56  8:53  Mutalisk  
  62  8:55  Drone x2  
  62  8:56  Drone  
  64  9:03  Drone x2  
  64  9:04  Drone x2  
  66  9:11  Drone  
  66  9:12  Drone x2  
  69  9:20  Mutalisk x2  
  73  9:25  Zergling x8  
  74  9:41  Zergling x10  
  79  9:46  Drone  
  72  9:54  Mutalisk x4  
  72  9:58  Extractor  
  72  9:59  Extractor  
  78  10:02  Hatchery  
  78  10:03  Drone  
  78  10:04  Drone x3  
  78  10:05  Drone x2  
  83  10:11  Mutalisk  
  81  10:28  Drone x7  
  82  10:29  Drone  
  82  10:35  Zerg Flyer Weapons Level 1  
  86  10:41  Glial Reconstitution  
  86  10:42  Infestation Pit  
  85  10:47  Mutalisk x2  
  89  10:51  Zergling x14  
  96  10:58  Mutalisk x2  
  96  11:01  Hatchery  
  99  11:18  Drone x11  
  101  11:22  Roach  
  112  11:33  Overlord x4  
  112  11:37  Hive  
  110  11:53  Drone x4  
  114  11:54  Spine Crawler  
  114  11:55  Spine Crawler  
  114  11:56  Drone x5, Spine Crawler x2  
  114  11:57  Drone x2  
  117  12:03  Roach x2  
  121  12:08  Overlord x2  
  121  12:10  Extractor  
  121  12:15  Extractor  
  119  12:18  Roach x5  
  119  12:21  Tunneling Claws  
  116  12:42  Roach x2  
  116  12:43  Roach x11  
  142  12:49  Drone  
  142  12:50  Drone x2  
  145  12:55  Adrenal Glands  
  145  12:59  Roach  
  145  13:00  Roach x4  
  155  13:11  Roach x3  
  155  13:24  Roach x7  
  153  13:35  Corruptor  
  153  13:36  Corruptor  
  157  13:47  Overlord x5  
Show
View Real Time Build Order
Export as new Build Order

LilDicky Terran 

Build Orders: 1/1/1, Liberator Opening 

Get SALT Encoding   

  12  0:01  SCV  
  13  0:13  SCV  
  14  0:17  Supply Depot  
  14  0:25  SCV  
  15  0:28  Refinery  
  15  0:39  SCV  
  16  0:45  Barracks  
  16  0:51  SCV  
  17  1:03  SCV  
  18  1:07  Refinery  
  18  1:15  SCV  
  19  1:27  SCV  
  20  1:33  Supply Depot  
  20  1:35  Factory  
  20  1:39  SCV  
  21  1:40  Marine  
  22  1:54  Orbital Command  
  22  2:00  Barracks Reactor  
  22  2:19  Armory  
  22  2:24  Starport  
  22  2:27  SCV  
  23  2:36  Factory Tech Lab, Marine  
  24  2:37  Marine  
  25  2:54  SCV, Marine  
  25  2:55  Marine  
  27  3:06  SCV  
  27  3:07  Supply Depot  
  28  3:22  Medivac  
  28  3:25  Marine  
  28  3:26  Thor, Marine  
  38  3:34  Supply Depot  
  38  3:35  SCV  
  39  3:41  Terran Vehicle And Ship Armor Level 1  
  39  3:44  Marine  
  39  3:47  Marine  
  39  3:48  Liberator  
  41  4:07  SCV  
  45  4:10  Supply Depot  
  45  4:20  Marine x2  
  47  4:26  Siege Tank  
  48  4:57  Marine  
  42  5:10  Command Center  
  42  5:15  SCV, Marine  
  43  5:25  Marine  
  43  5:42  Thor  
  48  6:06  SCV  
  48  6:08  Starport Reactor  
  43  6:25  Orbital Command  
  43  6:27  Thor, Liberator x2  
  43  6:29  SCV  
  43  6:31  Command Center  
  50  6:41  SCV  
  57  6:54  SCV  
  58  7:28  SCV x2  
  58  7:44  SCV x2  
  51  8:14  SCV x2  
  51  8:15  Thor  
  53  8:31  Liberator  
  53  8:37  Orbital Command  
  53  8:39  Orbital Command  
  46  8:50  SCV  
  46  8:54  Marine x2  
  49  8:58  Thor  
  49  9:02  Engineering Bay  
  54  9:12  SCV, Marine  
  54  9:14  SCV x2  
  58  9:17  Refinery  
  58  9:18  Refinery  
  58  9:24  SCV  
  58  9:28  Missile Turret  
  46  9:49  Liberator  
  46  9:50  Liberator  
  45  10:01  SCV  
  49  10:09  Thor  
  49  10:10  SCV  
  49  10:11  SCV  
  49  10:13  SCV  
  55  10:36  SCV  
  55  10:41  SCV  
  57  10:56  Factory  
  56  11:03  Missile Turret  
  56  11:10  Liberator x2  
  56  11:11  Missile Turret x2  
  56  11:14  Missile Turret  
  56  11:15  SCV x3, Missile Turret  
  56  11:17  Command Center, Missile Turret  
  59  11:25  Thor  
  59  11:27  SCV x2  
  59  11:31  SCV  
  74  11:39  SCV, Terran Vehicle And Ship Armor Level 2  
  75  11:50  Hellion x2  
  75  11:53  Infernal Pre-Igniter  
  79  12:08  SCV x2  
  81  12:13  Missile Turret  
  78  12:27  Missile Turret  
  74  12:33  Orbital Command  
  74  12:34  Liberator x2  
  74  12:47  Thor  
  74  12:49  Hellion  
  74  12:50  Hellion  
  90  12:56  Missile Turret  
  90  13:06  Refinery  
  90  13:07  Refinery  
  84  13:34  Planetary Fortress  
  84  13:50  Refinery  
  84  13:52  Missile Turret x2  
  84  13:53  Refinery  
  90  14:04  Hellion x2  
Tags
 
Add a new tag
Caveats
  • Supply blocks, unpowered buildings, or Contaminate may cause inaccurate times.
  • Supply counts are checked every 10 seconds.